 Dungeon Crawl Stone Soup version 0.31-a0-148-gb92c8fe61f (webtiles) character file.

Game seed: 18355696057226817950

164 qw the Shooter (level 5, -4/47 HPs)
             Began as a Minotaur Hunter on June 7, 2023.
             Slain by an orc priest
             ... wielding a +0 trident
              (8 damage)
             ... on level 3 of the Dungeon.
             The game lasted 00:00:48 (1818 turns).

qw the Shooter (Minotaur Hunter)                    Turns: 1818, Time: 00:00:49

Health: -4/47      AC:  3    Str: 15    XL:     5   Next: 21%
Magic:  4/4        EV: 12    Int:  6    God:
Gold:   70         SH:  0    Dex: 16    Spells: 4/4 levels left

rFire   . . .        Y - +1 shortbow
rCold   . . .        (shield currently unavailable)
rNeg    . . .        c - +0 leather armour
rPois   .            (helmet restricted)
rElec   .            (no cloak)
rCorr   .            (no gloves)
SInv    .            (no boots)
Will    .....        g - amulet of faith
Stlth   +            (no ring)
HPRegen 0.27/turn    (no ring)
MPRegen 0.09/turn

%: faith
@: about to teleport
A: horns 2, retaliatory headbutt
a: no special abilities


You were on level 3 of the Dungeon.
You visited 1 branch of the dungeon, and saw 3 of its levels.

You collected 70 gold pieces.


Innate Abilities, Weirdness & Mutations

You have a pair of horns on your head.
You reflexively headbutt those who attack you in melee.


   Skills:
 - Level 4.3 Fighting
 + Level 6.3 Ranged Weapons
 - Level 2.1 Dodging
 - Level 0.7 Stealth


You had 4 spell levels left.
You didn't know any spells.
Your spell library was empty.

Inventory:

Hand Weapons
 Y - a +1 shortbow (weapon)
Armour
 c - a +0 leather armour (worn)
 l - a +2 hat
Jewellery
 g - an amulet of faith (around neck)
Scrolls
 b - a scroll of magic mapping {unknown}
 k - a scroll of blinking {unknown}
Potions
 a - a potion of heal wounds {unknown}
 d - a potion of mutation {unknown}
 e - a potion of resistance {unknown}
 f - a potion of degeneration {unknown}
 h - a potion of enlightenment {unknown}
 j - a potion of brilliance {unknown}
 m - 2 potions of haste {unknown}

Dungeon Overview and Level Annotations

Branches:
Dungeon (3/15)

Altars:


Message History

The orc priest barely misses you.
You shoot an arrow.
The arrow hits the orc priest but does no damage.
The orc priest is moderately wounded.
The orc priest closely misses you. The orc priest barely misses you.
You shoot an arrow. The arrow hits the orc priest.
The orc priest is heavily wounded.
The orc priest invokes the aid of Beogh against you.
Beogh smites you!
You shoot an arrow.
The arrow hits the orc priest but does no damage.
The orc priest is heavily wounded.
The orc priest misses you.
You shoot an arrow.
The arrow hits the orc priest but does no damage.
The orc priest is heavily wounded.
You shoot an arrow. The arrow hits the orc.
The orc is moderately wounded.
You shoot an arrow. The arrow hits the orc.
The orc is severely wounded.
The orc priest casts a cantrip, but nothing happens.
The orc priest calls upon Beogh to heal the orc priest.
The orc priest is healed somewhat.
You shoot an arrow. The arrow hits the orc!
You kill the orc!
You shoot an arrow. The arrow hits the orc priest.
The orc priest is heavily wounded.
The orc priest mumbles some strange prayers to Beogh against you.
Beogh smites you!
The orc priest hits you from afar with a +0 trident!
1817 ||| READING scroll of teleportation.
As you read the scroll of teleportation, it crumbles to dust.
You feel strangely unstable.
The orc priest miscasts a cantrip.
You shoot an arrow.
The arrow hits the orc priest but does no damage.
The orc priest is heavily wounded.
The orc priest hits you from afar with a +0 trident.
The orc priest hits you from afar with a +0 trident!
You die...

# #.###.....#
# #.# #.....#
.. #
#.###.....#
#...
##.#.##.....#
####o..o.
#.###.##.#..#
#ro...o.. #.
##......# #o#
# ###.#..##
#o# #
#......###)#
#
#....#...#@#
#
#....#..>..#
#
#....#.#####
# ##...#)# #
.#..#.# #
#....#..
#....###


You could see 2 orc priests, an orc and a rat.

Vanquished Creatures
  A scorpion (D:3)
  A sleepcap (D:3)
  An adder (D:3)
  2 dart slugs
  2 orcs (D:3)
  11 endoplasms
  4 giant cockroaches
  5 goblins
  7 hobgoblins
  2 jackals (D:1)
  2 kobolds
  7 quokkas
  5 ball pythons
  A bat (D:1)
  3 frilled lizards
  5 rats
59 creatures vanquished.

Notes
Turn   | Place    | Note
-------+----------+-------------------------------------------
     0 | D:1      | qw the Minotaur Hunter began the quest for the Orb.
     0 | D:1      | Reached XP level 1. HP: 18/18 MP: 0/0
     0 | D:1      | 0 ||| qw: Version: 0.2-a-117-gc6b5c8b
     0 | D:1      | 0 ||| qw: Game counter: 2548
     0 | D:1      | 0 ||| qw: Always use a shield: true
     0 | D:1      | 0 ||| qw: God list: Okawaru
     0 | D:1      | 0 ||| qw: Allow faded altars: false
     0 | D:1      | 0 ||| qw: Do Orc after D:15 true
     0 | D:1      | 0 ||| qw: Do second Lair branch before Depths: true
     0 | D:1      | 0 ||| qw: Lair rune preference: random
     0 | D:1      | 0 ||| qw: Plans: Normal
     0 | D:1      | 0 ||| PLANNING D:1-11
   150 | D:1      | Reached XP level 2. HP: 23/25 MP: 1/1
   191 | D:1      | Reached skill level 5 in Ranged Weapons
   328 | D:1      | Reached skill level 3 in Fighting
   418 | D:1      | Reached XP level 3. HP: 31/31 MP: 2/2
   662 | D:1      | 662 ||| UPGRADING to amulet of faith.
   667 | D:1      | 667 ||| READING scroll labelled TATEPO MARIE.
   668 | D:1      | 668 ||| READING scroll labelled FAIMUAMOCW.
   672 | D:1      | 672 ||| DRINKING 2 sedimented ruby potions.
   718 | D:1      | 718 ||| DROPPING scroll of butterflies.
   719 | D:1      | 719 ||| DROPPING potion of lignification.
  1344 | D:2      | 1344 ||| READING scroll labelled DIJAOH OSSIRI.
  1345 | D:2      | 1345 ||| READING 3 scrolls labelled OVASTOTAFF.
  1399 | D:2      | 1399 ||| READING scroll labelled SAHOGAL QUEDES.
  1400 | D:2      | 1400 ||| DROPPING 2 scrolls of torment.
  1402 | D:2      | 1402 ||| Stepping ~*~*~tactically~*~*~ (cloud).
  1553 | D:3      | Reached skill level 6 in Ranged Weapons
  1553 | D:3      | Reached XP level 4. HP: 23/38 MP: 3/3
  1621 | D:3      | Noticed a scorpion
  1626 | D:3      | Killed a scorpion
  1627 | D:3      | Reached XP level 5. HP: 47/47 MP: 4/4
  1796 | D:3      | 1796 ||| Stepping ~*~*~tactically~*~*~ (outnumbered).
  1798 | D:3      | 1798 ||| Stepping ~*~*~tactically~*~*~ (outnumbered).
  1800 | D:3      | 1800 ||| Stepping ~*~*~tactically~*~*~ (outnumbered).
  1801 | D:3      | 1801 ||| FLEEEEING.
  1802 | D:3      | 1802 ||| FLEEEEING.
  1816 | D:3      | HP: 5/47 [orc priest/+0 trident (8)]
  1817 | D:3      | 1817 ||| READING scroll of teleportation.
  1818 | D:3      | Slain by an orc priest

Levels and vault maps discovered:
D:1:      dpeg_arrival_tiny_f, layout_basic, kennysheep_decorative_pillar,
          st_stairs_1
D:2:      layout_basic, amcnicky_mini_corridor_feature
D:3:      wad_river_or_something, layout_basic, grunt_temple_overflow_octagram

Skill      XL: |  1  2  3  4 |
---------------+-------------+-----
Ranged Weapons | 5 6 |  6.3
Fighting       | 3 4 |  4.3
Dodging        | |  2.1
Stealth        | |  0.7

Action                     |  1- 3 |  4- 6 || total
---------------------------+-------+-------++-------
   Fire: Shortbow          |   110 |    52 ||   162
    Use: Scroll            |     5 |     1 ||     6
         Potion            |     1 |       ||     1
 Armour: Leather armour    |     6 |     1 ||     7
  Dodge: Dodged            |    25 |    14 ||    39

Table legend:
 A = Non-vault XP
 B = Vault XP
 C = Vault XP percentage of total XP
 D = Non-vault monster count
 E = Vault monster count
 F = Vault count percentage of total count
                 A         B        C        D         E       F
            +---------+---------+-------+---------+---------+-------
      Total |     108 |     127 |  54.0 |      52 |       7 |  11.9
            +---------+---------+-------+---------+---------+-------
        D:1 |      53 |       3 |   5.4 |      29 |       2 |   6.5
        D:2 |      23 |       0 |   0.0 |      13 |       0 |   0.0
        D:3 |      32 |     124 |  79.5 |      10 |       5 |  33.3
            +---------+---------+-------+---------+---------+-------
